 Dungeon Crawl Stone Soup version 0.28-a0-983-g1de4e0787c (webtiles) character file.

Game seed: 5651593604613765111

10920 porpoise the Thaumaturge (level 11, -4/63 HPs)
             Began as a Deep Elf Conjurer on Dec 3, 2021.
             Was a Follower of Vehumet.
             Shot with an arrow by a centaur warrior (18 damage)
             ... on level 8 of the Dungeon.
             The game lasted 00:49:47 (14629 turns).

porpoise the Thaumaturge (Deep Elf Conjurer)       Turns: 14629, Time: 00:49:48

Health: -4/63      AC:  8    Str:  6    XL:     11   Next: 42%
Magic:  28/38      EV: 15    Int: 32    God:    Vehumet [*.....]
Gold:   300        SH:  0    Dex: 13    Spells: 21/34 levels left

rFire   + . .      SeeInvis .   b - +4 hunting sling (flame)
rCold   + . .      Faith    .   (no shield)
rNeg    . . .      Spirit   .   P - +2 robe {Will+}
rPois   +          Reflect  .   s - +2 helmet
rElec   +          Harm     .   (no cloak)
rCorr   +          Rampage  .   c - +0 pair of gloves
Will    ++...                   (no boots)
Stlth   ++++......              n - amulet of the acrobat
HPRegen 0.20/turn               g - ring of magical power
MPRegen 0.26/turn               D - +6 ring of intelligence

@: resistant
A: no striking features
a: Renounce Religion


You were on level 8 of the Dungeon.
You worshipped Vehumet.
Vehumet was aware of your devotion.
You visited 1 branch of the dungeon, and saw 9 of its levels.

You collected 552 gold pieces.
You spent 252 gold pieces at shops.

Inventory:

Hand Weapons
 a - the +10 mace of Inquiry {venom, rElec rPois Str+5}
   (You found it on level 4 of the Dungeon)

   It poisons the flesh of those it strikes.
   Str:       It affects your strength (+5).
   rElec:     It insulates you from electricity.
   rPois:     It protects you from poison.
 b - a +4 hunting sling of flaming (weapon)
Missiles
 d - 15 boomerangs
 f - 196 stones (quivered ammo)
 i - 3 atropa-tipped darts
 u - 45 poisoned darts
 C - 43 sling bullets
 L - a curare-tipped dart
 S - 2 javelins
 T - a throwing net
Armour
 c - a +0 pair of gloves (worn)
 h - a +0 buckler
 s - a +2 helmet (worn)
 A - a +0 leather armour of poison resistance
 N - the +1 robe "Jyutuh" {Contam rPois Dex+3}
   (You found it on level 7 of the Dungeon)

   Dex:       It affects your dexterity (+3).
   rPois:     It protects you from poison.
   Contam:    It causes magical contamination when unequipped.
 P - a +2 robe of willpower (worn)
Magical Staves
 U - a staff of cold
Jewellery
 g - a ring of magical power (left hand)
 l - a ring of resist corrosion
 n - an amulet of the acrobat (around neck)
 D - a +6 ring of intelligence (right hand)
 E - an amulet of reflection
 G - a +6 ring of strength
 K - a +4 ring of evasion
Wands
 q - a wand of digging (11)
 z - a wand of paralysis (32)
 J - a wand of charming (4)
 M - a wand of acid (3)
 O - a wand of polymorph (11)
Scrolls
 k - a scroll of immolation
 o - 3 scrolls of enchant weapon
 p - a scroll of noise
 t - a scroll of magic mapping
 v - 3 scrolls of torment
 x - a scroll of fear
 y - 2 scrolls of teleportation
Potions
 e - 2 potions of curing
 m - 3 potions of mutation
 r - a potion of attraction
 B - a potion of might
 F - 4 potions of berserk rage
 I - a potion of flight
 R - a potion of brilliance {unknown}


   Skills:
 - Level 5.0 Fighting
 - Level 7.0 Dodging
 - Level 9.0 Stealth
 * Level 0.0 Shields
 - Level 12.0 Spellcasting
 + Level 7.1 Conjurations
 - Level 9.0 Hexes
 + Level 5.2 Translocations
 - Level 5.0 Earth Magic
 - Level 5.0 Evocations


You had 21 spell levels left.
You knew the following spells:

 Your Spells              Type           Power      Damage    Failure   Level
b - Searing Ray           Conj           100%       2d8       1%          2
c - Fulminant Prism       Conj/Hex       31%        3d16      1%          4
d - Iskenderun's Mystic   Conj/Tloc      56%        2d12      1%          4
s - Stone Arrow           Conj/Erth      100%       3d13      1%          3

Your spell library contained the following spells:

 Spells                   Type           Power      Damage    Failure   Level
 Foxfire                  Conj/Fire      100%       2x1d9     1%          1
 Magic Dart               Conj           100%       1d8       1%          1
 Sandblast                Erth           100%       2d20      1%          1
 Shock                    Conj/Air       100%       1d9       1%          1
 Passwall                 Tmut/Erth      29%        N/A       1%          2
 Dazzling Flash           Conj/Hex       100%       N/A       1%          3
 Swiftness                Air            19%        N/A       8%          3
 Animate Armour           Summ/Erth      70%        N/A       9%          4
 Airstrike                Air            9%         N/A       24%         4
 Iron Shot                Conj/Erth      27%        9d6       32%         6
 Blade Hands              Tmut           9%         N/A       56%         5


Dungeon Overview and Level Annotations

Branches:
Dungeon (9/15)             Temple (0/1) D:7            Lair (0/6) D:8
    Orc: D:9-12

Altars:
Elyvilon
Sif Muna
Vehumet

Shops:
D:2 :   D:4 :

Annotations:
D:5 2 transporters, Atlas's ghost, novice DjEE
D:7 2 transporters, exclusion: downstairs


Message History

Confirm with . or Enter, or press ? or * to list all spells.
Aiming: Fulminant Prism (dangerous; 1% risk of failure)
Press: ? - help, Dir - move target You conjure a prism of explosive energy!
The centaur warrior shouts!
A fulminant prism comes into view.
Casting: Fulminant Prism (dangerous; 1% risk of failure)
Confirm with . or Enter, or press ? or * to list all spells.
Aiming: Fulminant Prism (dangerous; 1% risk of failure)
Press: ? - help, Dir - move target You conjure a prism of explosive energy!
A fulminant prism comes into view.
The centaur warrior wields a +0 longbow.
The centaur warrior shoots an arrow.
The arrow closely misses you.
The centaur warrior shoots an arrow.
The arrow hits you!!
Your fulminant prism crackles loudly.
Casting: Fulminant Prism (dangerous; 1% risk of failure)
Confirm with . or Enter, or press ? or * to list all spells.
Aiming: Stone Arrow (safe; 1% risk of failure)
Press: ? - help, Shift-Dir - straight line, f - centaur warrior
Aim: a centaur warrior, wielding a +0 longbow and quivering arrows (ally target, 84% to hit)
The stone arrow hits the centaur warrior!
The centaur warrior is moderately wounded.
The centaur warrior shoots an arrow.
The arrow hits you!!
* * * LOW HITPOINT WARNING * * *
Your fulminant prism crackles loudly.
Your fulminant prism explodes!
The blast of energy engulfs the centaur warrior!
The centaur warrior is heavily wounded.
Casting: Stone Arrow (safe; 1% risk of failure)
Confirm with . or Enter, or press ? or * to list all spells.
Aiming: Stone Arrow (safe; 1% risk of failure)
Press: ? - help, Shift-Dir - straight line, f/p - centaur warrior
Aim: a centaur warrior, wielding a +0 longbow and quivering arrows (heavily wounded, ally target, 84% to hit)
Okay, then.
Unknown command.
It was a potion of resistance.
You feel protected.
The centaur warrior shoots an arrow.
The arrow hits you!!
You die...

##....#### #.......#
#.......# ###
#.......# #.##
#.......## ##.###
#........# ##..##
##........#
##..#######..........
#..@.#..............
##..........####....
##..c.*.....####....
##............##.....
##.............#.....#
#.....>.............##
#..................##
#..................##
*#..............#....#


You could see a centaur warrior (ally target) and a friendly fulminant prism.

Vanquished Creatures
  2 hydras (D:8)
  2 two-headed ogres
  Pikel (D:6)
  2 ugly things (D:8)
  A kobold demonologist (D:8)
  A troll (D:7)
  Grinder (D:3)
  A slime creature (D:8)
  Prince Ribbit (D:6)
  A wraith (D:8)
  Sigmund (D:3)
  5 yaks (D:9)
  Eustachio (D:4)
  A wyvern (D:8)
  Duvessa (D:7)
  3 water moccasins
  4 sky beasts
  4 black bears
  3 necrophages
  3 orc warriors
  3 ice beasts
  An ogre (D:6)
  5 centaurs
  A kobold brigand (D:6)
  5 bullfrogs
  6 gnoll sergeants
  3 scorpions
  A wyvern skeleton (D:7)
  Dowan (D:7)
  2 water moccasin skeletons
  2 wights (D:8)
  A centaur zombie (D:8)
  10 hounds
  2 bullfrog zombies (D:6)
  A bullfrog skeleton (D:6)
  A jelly (D:5)
  2 gnoll shamans
  5 orc priests
  A centaur skeleton (D:5)
  Jessica (D:3)
  Ijyb (D:3)
  An iguana (D:5)
  5 orc wizards
  A hound zombie (D:5)
  A howler monkey zombie (D:8)
  19 gnolls
  7 adders
  2 white imps
  2 ufetubi
  An adder skeleton (D:3)
  2 worms
  5 dart slugs
  15 orcs
  9 endoplasms
  2 giant cockroaches (D:3)
  11 goblins
  4 hobgoblins
  8 jackals
  8 kobolds
  3 quokkas
  2 ball pythons
  6 bats
  3 frilled lizards
  2 rats (D:1)
213 creatures vanquished.

Vanquished Creatures (others)
  39 fulminant prisms
  5 plants (D:6)
44 creatures vanquished.

Grand Total: 257 creatures vanquished

Notes
Turn   | Place    | Note
-------+----------+-------------------------------------------
     0 | D:1      | porpoise the Deep Elf Conjurer began the quest for the Orb.
     0 | D:1      | Reached XP level 1. HP: 10/10 MP: 6/6
   233 | D:1      | Reached XP level 2. HP: 15/15 MP: 4/8
   270 | D:1      | Learned a level 2 spell: Searing Ray
   300 | D:1      | Found a faded altar of an unknown god.
   761 | D:1      | Reached skill level 4 in Spellcasting
   827 | D:1      | Reached skill level 5 in Conjurations
   827 | D:1      | Reached XP level 3. HP: 19/19 MP: 5/10
  1384 | D:2      | Found Buifip's Book Shoppe.
  2330 | D:3      | Noticed Sigmund
  2336 | D:3      | Killed Sigmund
  2337 | D:3      | Reached skill level 6 in Spellcasting
  2337 | D:3      | Reached XP level 4. HP: 13/24 MP: 14/14
  2337 | D:3      | Reached XP level 5. HP: 15/28 MP: 14/15
  2478 | D:3      | Learned a level 4 spell: Fulminant Prism
  2483 | D:3      | Learned a level 4 spell: Iskenderun's Mystic Blast
  2560 | D:3      | Noticed Jessica
  2566 | D:3      | Killed Jessica
  2567 | D:3      | Reached skill level 1 in Hexes
  2617 | D:3      | Reached XP level 6. HP: 32/32 MP: 17/17
  3402 | D:3      | Noticed Grinder
  3423 | D:3      | Paralysed by Grinder for 5 turns
  3428 | D:3      | Killed Grinder
  3429 | D:3      | Reached skill level 7 in Spellcasting
  3429 | D:3      | Reached skill level 5 in Hexes
  3429 | D:3      | Reached XP level 7. HP: 19/36 MP: 10/19
  3804 | D:3      | Noticed Ijyb
  3814 | D:3      | Killed Ijyb
  4059 | D:4      | Noticed Eustachio
  4066 | D:4      | Reached skill level 1 in Translocations
  4068 | D:4      | Killed Eustachio
  4473 | D:4      | Found Pialim's Book Shop.
  4639 | D:4      | Identified the +10 mace of Inquiry {venom, rElec rPois
                  | Str+5}
  4690 | D:4      | Reached XP level 8. HP: 41/41 MP: 20/20
  5414 | D:5      | Entered Level 5 of the Dungeon
  5485 | D:5      | Found a transporter.
  5491 | D:5      | Noticed Atlas's ghost (novice DjEE)
  5518 | D:5      | Found a transporter.
  5573 | D:5      | Reached skill level 5 in Translocations
  5894 | D:5      | Reached skill level 1 in Fighting
  6382 | D:5      | Reached skill level 5 in Stealth
  6382 | D:5      | Reached skill level 8 in Spellcasting
  6542 | D:6      | Reached XP level 9. HP: 25/49 MP: 10/23
  7196 | D:6      | Reached skill level 9 in Spellcasting
  8326 | D:6      | Reached skill level 10 in Spellcasting
  8769 | D:2      | Bought a book of Geomancy for 252 gold pieces
  8773 | D:2      | Learned a level 3 spell: Stone Arrow
  9252 | D:6      | Found a white marble altar of Elyvilon.
  9416 | D:7      | Noticed a deep elf knight
  9418 | D:7      | Noticed a kobold demonologist
  9422 | D:7      | Found a transporter.
  9428 | D:7      | Noticed a kobold demonologist
  9521 | D:7      | Reached skill level 1 in Earth Magic
  9592 | D:7      | Found a transporter.
  9639 | D:7      | Found a radiant altar of Vehumet.
  9643 | D:7      | Became a worshipper of Vehumet
  9689 | D:7      | Noticed Prince Ribbit
  9704 | D:7      | Noticed Duvessa
  9708 | D:7      | Noticed Pikel
  9716 | D:6      | Reached skill level 5 in Fighting
  9717 | D:6      | Killed Pikel
  9718 | D:6      | Reached XP level 10. HP: 9/59 MP: 10/26
  9718 | D:6      | Killed Prince Ribbit
  9719 | D:6      | Reached skill level 11 in Spellcasting
  9989 | D:7      | Killed Duvessa
 10198 | D:7      | Identified the +1 robe "Jyutuh" {Contam rPois Dex+3}
 10254 | D:7      | Noticed Dowan
 10260 | D:7      | Killed Dowan
 10526 | D:7      | Found a staircase to the Ecumenical Temple.
 10531 | D:7      | Noticed a two-headed ogre
 10535 | D:7      | Killed a two-headed ogre
 10766 | D:7      | Reached skill level 5 in Dodging
 11692 | D:8      | Found a staircase to the Lair.
 11714 | D:8      | Noticed a two-headed ogre
 11724 | D:8      | Killed a two-headed ogre
 11725 | D:8      | Reached skill level 12 in Spellcasting
 11725 | D:8      | Reached skill level 5 in Earth Magic
 12707 | D:8      | Noticed a five-headed hydra
 12715 | D:8      | Reached * piety under Vehumet
 12715 | D:8      | Offered knowledge of Foxfire by Vehumet.
 12735 | D:8      | Killed a five-headed hydra
 12886 | D:8      | Reached XP level 11. HP: 63/63 MP: 29/29
 12921 | D:8      | Noticed a brown ugly thing
 12932 | D:8      | Killed a brown ugly thing
 13433 | D:8      | Noticed a white ugly thing
 13438 | D:8      | Noticed a six-headed hydra
 13446 | D:8      | Killed a white ugly thing
 13449 | D:8      | Killed a six-headed hydra
 13805 | D:8      | Reached skill level 5 in Evocations
 14234 | D:9      | Found a shimmering blue altar of Sif Muna.
 14625 | D:8      | Noticed a centaur warrior
 14629 | D:8      | Shot with an arrow by a centaur warrior

Illustrated notes

Levels and vault maps discovered:
D:1:      eino_arrival_water_star, layout_basic,
          shapermc_ecumenical_altar_hornbeckon
D:2:      layout_loops_corners, serial_shops, shop
D:3:      layout_basic, uniq_ijyb, uniq_sigmund, uniq_jessica, uniq_grinder
D:4:      layout_basic, serial_shops, kennysheep_little_box,
          kennysheep_small_circle, uniq_eustachio
D:5:      layout_rooms, gammafunk_ghost_stat_death, grunt_ministairs_11
D:6:      layout_cave_pools, nicolae_elyvilon_temple_path, serial_gnoll_camp,
          gnoll_camp_medium_01, gnoll_camp_huts_basic,
          gnoll_camp_mini_loothouse, gnoll_camp_mini_hut, gnoll_camp_mini_basic
D:7:      gammafunk_wand_slinger, layout_basic, overflow_temple_1_default,
          minmay_temple_entry_steel_oval, hangedman_glass_teeth,
          hangedman_decor_push, kennysheep_generic_room_5, uniq_pikel,
          uniq_prince_ribbit1, uniq_duvessa
D:8:      minmay_the_grid_four_pointed_star
          [minmay_the_grid_triangle_9x9_zippers_vertical,
          minmay_the_grid_triangle_9x9_semitri,
          minmay_the_grid_triangle_9x9_sparse_checkered,
          minmay_the_grid_triangle_9x9_cache,
          minmay_the_grid_prize_four_corners], layout_layer_cave,
          lair_entry_dummy, roderic_lattice_a
D:9:      layout_roguey, mainiacjoe_overflow_divided_tiny,
          mainiacjoe_overflow_paths, serial_shops, shop, minmay_fountain_box,
          uniq_joseph

Skill      XL: |  1  2  3  4  5  6  7  8  9 10 11 |
---------------+----------------------------------+-----
Spellcasting   | 4 6 7 8 10 12 | 12.0
Conjurations   | 5 6 7 |  7.1
Hexes          | 1 5 7 8 9 |  9.0
Translocations | 4 5 |  5.2
Stealth        | 5 6 7 9 |  9.0
Fighting       | 2 5 |  5.0
Earth Magic    | 2 5 |  5.0
Dodging        | 3 7 |  7.0
Evocations     | 2 5 |  5.0

Action                   |  1- 3 |  4- 6 |  7- 9 | 10-12 || total
-------------------------+-------+-------+-------+-------++-------
 Fire: Hunting sling     |     2 |    16 |   112 |    32 ||   162
 Cast: Magic Dart        |    47 |     8 |     5 |       ||    60
       Searing Ray       |    15 |    12 |    62 |    17 ||   106
       Fulminant Prism   |       |     3 |    17 |    20 ||    40
       Iskenderun's Myst |       |       |    25 |    28 ||    53
       Stone Arrow       |       |       |     8 |    40 ||    48
  Use: Scroll            |       |       |     2 |    14 ||    16
       Potion            |       |       |       |     1 ||     1
Armor: Robe              |     2 |     1 |    15 |    13 ||    31
Dodge: Dodged            |     2 |     2 |    46 |    44 ||    94

Table legend: (Time is in decaauts)
 A = Elapsed time spent in this place.
 B = Non-inter-level travel time spent in this place.
 C = Inter-level travel time spent in this place.
 D = Time resting spent in this place.
 E = Time spent auto-exploring this place.
 F = Levels seen in this place.
 G = Mean time per level.
                   A        B        C        D        E       F      G
               +--------+--------+--------+--------+--------+-----+--------+
         Total |  14680 |  13972 |    708 |   6833 |   5637 |   9 | 1631.1 |
       Dungeon |  14680 |  13972 |    708 |   6833 |   5637 |   9 | 1631.1 |
               +--------+--------+--------+--------+--------+-----+--------+

Top non-repeatable levels by time:
     D:8: 2544 daAuts
     D:6: 2380 daAuts
     D:7: 2022 daAuts
     D:3: 2000 daAuts
     D:5: 1805 daAuts
     D:4: 1232 daAuts
     D:1: 1212 daAuts
     D:2: 1139 daAuts
     D:9: 343 daAuts
